 Dungeon Sprint DCSS version 0.26-a0-844-g3dd439832f (webtiles) character file.

Game seed: 5606395633015730275

68 sahdkjhfkaj the Magician (level 4, -5/33 HPs)
             Began as a Spriggan Enchanter on Nov 18, 2020.
             Killed from afar by a deep elf mage (18 damage)
             ... with a stone arrow
             ... in the Dungeon (Sprint III: "The Ten Rune Challenge").
             The game lasted 00:02:23 (474 turns).

sahdkjhfkaj the Magician (Spriggan Enchanter)        Turns: 474, Time: 00:02:23

Health: -5/33      AC:  2    Str:  4    XL:     4   Next: 1%
Magic:  12/12      EV: 18    Int: 17    God:
Gold:   22         SH:  0    Dex: 16    Spells: 8/14 levels left

rFire    . . .     SeeInvis +   a - +1 dagger
rCold    . . .     Faith    .   (shield restricted)
rNeg     . . .     Spirit   .   b - +0 robe
rPois    .         Reflect  .   (helmet restricted)
rElec    .         Harm     .   (no cloak)
rCorr    .         Rampage  .   (gloves unavailable)
MR       .....     NoTele   +   (boots unavailable)
Stlth    ..........             (no amulet)
HPRegen  0.11/turn              (no ring)
MPRegen  0.13/turn              (no ring)

@: berserking, very quick
A: very small, unfitting armour, see invisible, speed 3
a: no special abilities


You were in the Dungeon.
You visited 1 branch You collected 22 gold pieces.

Inventory:

Hand Weapons
 a - a +1 dagger (weapon)
Armour
 b - a +0 robe (worn)
Scrolls
 c - a scroll of magic mapping {!r, unknown}
 e - a scroll of holy word {!r, unknown}
 i - a scroll of blinking {!r}
 j - a scroll of amnesia {!r, unknown}
 k - 3 scrolls of remove curse {!r}
 m - a scroll of torment {!r, unknown}
 n - 2 scrolls of identify {!r}
Potions
 d - a potion of curing {!q}
 f - a potion of haste {!q}
 g - 2 potions of magic {!q}
 l - 2 potions of flight {!q, unknown}
 o - a potion of might {!q, unknown}
 p - 4 potions of mutation {!q}


   Skills:
 - Level 1.0 Fighting
 - Level 3.0 Short Blades
 - Level 3.0 Dodging
 - Level 4.4 Stealth
 - Level 3.0 Shields
 + Level 5.5 Spellcasting
 - Level 5.0 Hexes
 - Level 1.0 Ice Magic
 - Level 3.0 Evocations


You had 8 spell levels left.
You knew the following spells:

 Your Spells              Type           Power        Failure   Level
a - Corona                Hex            ###....      1%          1
b - Ensorcelled Hibernat  Hex/Ice        ##....       6%          2
T - Confusing Touch       Hex            ###.....     5%          3

Your spell library contained the following spells:

 Spells                   Type           Power        Failure   Level
 Tukima's Dance           Hex            ###.....     5%          3
 Dazzling Flash           Conj/Hex       ##....       14%         3


Dungeon Overview and Level Annotations

Branches:
Dungeon (1/1)

Altars:
Elyvilon
Zin
The Shining One

Annotations:
D exclusion: door


Innate Abilities, Weirdness & Mutations

You are very small and have problems with some larger weapons.
You are too small for most types of armour.
You have supernaturally acute eyesight. (SInv)
You cover ground extremely quickly.


Message History

The deep elf mage hits you with a +0 long sword of holy wrath.
* * * LOW HITPOINT WARNING * * *
You closely miss the deep elf mage.
The deep elf mage is severely wounded.
You barely miss the deep elf mage.
The deep elf mage is severely wounded.
The deep elf mage misses you.
You barely miss the deep elf mage.
The deep elf mage is heavily wounded.
You puncture the deep elf mage!
The deep elf mage is severely wounded.
You hit the deep elf mage.
The deep elf mage is almost dead.
The deep elf mage misses you.
You hit the deep elf mage.
The deep elf mage is almost dead.
The deep elf mage points at you and mumbles some strange words.
The stone arrow hits you!!
Ouch! That really hurt!
You die...

▓▓▓▓▓▓▓ ▓▓▓ ..'...♣♣
♣.##### ..#....♣ ♣.#___#
###.†..♣♣♣ ♣♣.#e@.#
..#....≈.♣♣♣..###'#+###+
..#...≈≈♣.♣.♣.#..........
..#..≈≈≈≈♣♣.♣.+.⌠........
#'#..≈≈≈≈≈E♣♣.#...######+
..#.≈≈≈≈≈≈....#.⌠.#
).#.≈≈≈≈≈.....#...#
..#.≈≈†.......#+###
###...........#


You could see a deep elf mage.

Vanquished Creatures
  Jessica (D)
  A human (D)
  A wolf (D)
  2 oozes (D)
  A rat (D)
6 creatures vanquished.

Vanquished Creatures (others)
  A hydra (D)
  2 plants (D)
3 creatures vanquished.

Grand Total: 9 creatures vanquished

Notes
Turn   | Place    | Note
-------+----------+-------------------------------------------
     0 | D        | sahdkjhfkaj the Spriggan Enchanter began the quest for the
                  | Orb.
     0 | D        | Reached XP level 1. HP: 9/9 MP: 5/5
     5 | D        | Reached skill level 1 in Fighting
     5 | D        | Reached skill level 1 in Ice Magic
     5 | D        | Reached skill level 1 in Evocations
   102 | D        | Reached XP level 2. HP: 10/14 MP: 7/7
   142 | D        | Killed an eight-headed hydra
   182 | D        | Noticed Jessica
   185 | D        | Killed Jessica
   186 | D        | Reached skill level 5 in Hexes
   186 | D        | Reached XP level 3. HP: 18/18 MP: 7/9
   193 | D        | Learned a level 3 spell: Confusing Touch
   196 | D        | Learned a level 2 spell: Ensorcelled Hibernation
   387 | D        | Reached skill level 5 in Spellcasting
   387 | D        | Reached XP level 4. HP: 22/22 MP: 8/12
   449 | D        | Noticed a water elemental
   464 | D        | Found a glowing silver altar of Zin.
   465 | D        | Found a glowing golden altar of the Shining One.
   465 | D        | Found a white marble altar of Elyvilon.
   465 | D        | Noticed a deep elf mage
   474 | D        | Killed from afar by a deep elf mage

Illustrated notes

Levels and vault maps discovered:
D:        dungeon_sprint_mu [sprint_mu_entry_forest, sprint_mu_temple_rooms,
          sprint_mu_d1_horrors, sprint_mu_d2_genie, sprint_mu_d3_branching,
          sprint_mu_orc_legion, sprint_mu_elf_gauntlet, sprint_mu_hive_nellie,
          sprint_mu_lair_fedhas, sprint_mu_vaults_butterflies,
          sprint_mu_slime_circle, sprint_mu_swamp_cave, sprint_mu_snake_twists,
          sprint_mu_blade_basic, sprint_mu_crypt_chambers,
          sprint_mu_tomb_spiral, sprint_mu_vestibule_basic,
          sprint_mu_gehenna_hellfire, sprint_mu_dis_giant,
          sprint_mu_tartarus_statrot, sprint_mu_cocytus_islands, sprint_mu_zot1]

Skill      XL: |  1  2  3 |
---------------+----------+-----
Fighting       | 1 |  1.0
Short Blades   | 2 3 |  3.0
Ice Magic      | 1 |  1.0
Spellcasting   | 3 4 5 |  5.5
Evocations     | 2 3 |  3.0
Hexes          | 4 5 |  5.0
Shields        | 2 3 |  3.0
Dodging        | |  3.0
Stealth        | |  4.4

Action                   |  1- 3 |  4- 6 || total
-------------------------+-------+-------++-------
Melee: Dagger            |    26 |     7 ||    33
 Cast: Ensorcelled Hiber |     4 |       ||     4
       Confusing Touch   |     1 |       ||     1
  Use: Potion            |     1 |     1 ||     2
 Stab: Sleeping          |     5 |     1 ||     6
Armor: Robe              |     1 |       ||     1
Dodge: Dodged            |    16 |     2 ||    18

Table legend: (Time is in decaauts)
 A = Elapsed time spent in this place.
 B = Non-inter-level travel time spent in this place.
 C = Inter-level travel time spent in this place.
 D = Time resting spent in this place.
 E = Time spent auto-exploring this place.
 F = Levels seen in this place.
 G = Mean time per level.
                   A        B        C        D        E       F      G
               +--------+--------+--------+--------+--------+-----+--------+
         Total |    433 |    433 |      0 |    308 |     19 |   1 |  433.0 |
       Dungeon |    433 |    433 |      0 |    308 |     19 |   1 |  433.0 |
               +--------+--------+--------+--------+--------+-----+--------+

Top non-repeatable levels by time:
       D: 433 daAuts
